 Dungeon Crawl Stone Soup version 0.24-a0-545-gd1b266bae6 (webtiles) character file.

Game seed: 8931529506878398461

446 BinkBink the Slasher (level 7, -1/61 HPs)
             Began as a Hill Orc Monk on Aug 18, 2019.
             Was a Believer of Cheibriados.
             Slain by an ogre
             ... wielding a +0 giant spiked club
              (17 damage)
             ... on level 4 of the Dungeon.
             The game lasted 00:07:11 (3623 turns).

BinkBink the Slasher (Hill Orc Monk)                Turns: 3623, Time: 00:07:11

Health: -1/61      AC: 12    Str: 20    XL:     7   Next: 3%
Magic:  7/7        EV:  7    Int: 14    God:    Cheibriados [**....]
Gold:   138        SH:  0    Dex: 17    Spells: 6/6 levels left

rFire    . . .     SeeInvis .   a - +0 falchion
rCold    . . .     Gourm    .   (no shield)
rNeg     . . .     Faith    .   l - +0 plate armour
rPois    .         Spirit   .   (no helmet)
rElec    .         Reflect  .   (no cloak)
rCorr    .         Harm     .   o - +0 pair of gloves
MR       .....                  (no boots)
Stlth    ..........             (no amulet)
HPRegen  0.20/turn              (no ring)
MPRegen  0.10/turn              (no ring)

@: lethally poisoned (-1 -> -2), very slow
A: no striking features
a: Bend Time, Renounce Religion


You were on level 4 of the Dungeon.
You worshipped Cheibriados.
Cheibriados was pleased with you.
You were not hungry.

You visited 1 branch of the dungeon, and saw 4 of its levels.

You collected 138 gold pieces.

Inventory:

Hand Weapons
 a - a +0 falchion (weapon)
Armour
 l - a +0 plate armour (worn)
 o - a +0 pair of gloves (worn)
Jewellery
 p - an uncursed ring of poison resistance
Wands
 q - a wand of polymorph (8)
Scrolls
 b - a scroll of teleportation {unknown}
 d - 4 scrolls of immolation {unknown}
 e - a scroll of enchant armour {unknown}
 g - a scroll of remove curse {unknown}
 n - a scroll of enchant weapon {unknown}
 r - a scroll of identify {unknown}
 s - a scroll of fog {unknown}
Potions
 f - 2 potions of heal wounds {unknown}
 h - a potion of might {unknown}
 i - a potion of ambrosia {unknown}
 j - 3 potions of lignification
 k - a potion of agility {unknown}
 m - 2 potions of cancellation {unknown}
Comestibles
 c - 6 rations
 t - 2 chunks of flesh


   Skills:
 + Level 5.0 Fighting
 + Level 6.1 Long Blades
 + Level 3.3 Armour
 + Level 3.1 Dodging
 + Level 2.0 Stealth


You had 6 spell levels left.
You didn't know any spells.
Your spell library was empty.

Dungeon Overview and Level Annotations

Branches:
Dungeon (4/15)
 Temple: D:4-7

Altars:
Cheibriados
Dithmenos
Gozag


Message History

You feel sick.
The ogre hits you with a +0 giant spiked club!
You feel sick.
You closely miss the ogre.
You feel sick.
The ogre hits you with a +0 giant spiked club!
You hit the ogre.
The ogre is moderately wounded.
The ogre closely misses you.
You riposte.
You hit the ogre.
The ogre is moderately wounded.
You hit the ogre.
The ogre is heavily wounded.
You hit the ogre but do no damage.
The ogre is heavily wounded.
The ogre hits you with a +0 giant spiked club!
* * * LOW HITPOINT WARNING * * *
Unknown command.
You hit the ogre but do no damage.
The ogre is heavily wounded.
The ogre hits you with a +0 giant spiked club!
You die...

####### #.....#
##.....# ##._8_.##
#.......###############
................@Ols..#
#####################.#
############## #†#
.............. .l.
#####.......# .##.#
............# .. ..
....)[####### .. #.#
#####.# ... .. # ##.#
... #.#


You could see an ogre, a scorpion and a leopard gecko.

Vanquished Creatures
  Sigmund (D:2)
  An orc wizard (D:4)
  2 worker ants (D:4)
  7 adders
  3 gnolls (D:2)
  4 worms
  3 dart slugs
  3 leopard geckos
  8 orcs
  4 giant cockroaches
  8 goblins
  13 hobgoblins
  12 jackals
  9 kobolds
  7 bats
  4 frilled lizards
  9 rats
98 creatures vanquished.

Notes
Turn   | Place    | Note
-------+----------+-------------------------------------------
     0 | D:1      | BinkBink the Hill Orc Monk began the quest for the Orb.
     0 | D:1      | Reached XP level 1. HP: 19/19 MP: 1/1
   160 | D:1      | Reached XP level 2. HP: 16/27 MP: 2/2
   574 | D:1      | Reached XP level 3. HP: 33/33 MP: 3/3
   949 | D:2      | Noticed Sigmund
   960 | D:2      | Reached skill level 1 in Armour
  1224 | D:2      | Killed Sigmund
  1224 | D:2      | Reached skill level 5 in Long Blades
  1224 | D:2      | Reached XP level 4. HP: 10/41 MP: 4/4
  1224 | D:2      | Reached XP level 5. HP: 11/47 MP: 5/5
  1512 | D:2      | Found an opulent altar of Gozag.
  1559 | D:2      | Reached XP level 6. HP: 30/53 MP: 6/6
  3066 | D:4      | Reached skill level 5 in Fighting
  3550 | D:4      | Reached skill level 6 in Long Blades
  3582 | D:4      | Found a snail-covered altar of Cheibriados.
  3582 | D:4      | Found a shadowy altar of Dithmenos.
  3587 | D:4      | Became a worshipper of Cheibriados the Contemplative
  3587 | D:4      | Reached * piety under Cheibriados
  3587 | D:4      | Reached ** piety under Cheibriados
  3613 | D:4      | Reached XP level 7. HP: 45/61 MP: 7/7
  3623 | D:4      | Slain by an ogre

Levels and vault maps discovered:
D:1:      sevenhm_arrival_forest_fort_small_6, layout_basic
D:2:      layout_loops_corners, nicolae_gozag_cash_rules_everything_around_me,
          serial_park_tiny_1, uniq_sigmund
D:3:      layout_rooms, first_ration, minmay_misc_feat_rows
D:4:      layout_basic, kennysheep_mini_moat,
          chequers_temple_overflow_statue_of_worship

Skill      XL: |  1  2  3  4  5  6 |
---------------+-------------------+-----
Fighting       | 4 5 |  5.0
Armour         | 2 3 |  3.3
Long Blades    | 5 6 |  6.1
Dodging        | 3 |  3.1
Stealth        | 2 |  2.0

Action                   |  1- 3 |  4- 6 |  7- 9 || total
-------------------------+-------+-------+-------++-------
Melee: Falchion          |   102 |   321 |     5 ||   428
  Use: Potion            |       |     1 |       ||     1
 Stab: Sleeping          |     2 |       |       ||     2
  Eat: Ration            |     1 |       |       ||     1
       Chunk             |       |     6 |       ||     6
Armor: Ring mail         |    23 |       |       ||    23
       Robe              |     1 |       |       ||     1
       Plate armour      |    31 |   280 |       ||   311
       Skin              |       |     3 |       ||     3
Dodge: Dodged            |    56 |   101 |     1 ||   158
       Rpst.: Falchion   |    28 |    33 |     1 ||    62

Table legend:
 A = Non-vault XP
 B = Vault XP
 C = Vault XP percentage of total XP
 D = Non-vault monster count
 E = Vault monster count
 F = Vault count percentage of total count
                 A         B        C        D         E       F
            +---------+---------+-------+---------+---------+-------
      Total |     418 |     220 |  34.5 |      97 |       1 |   1.0
            +---------+---------+-------+---------+---------+-------
        D:1 |      43 |       0 |   0.0 |      25 |       0 |   0.0
        D:2 |     139 |     220 |  61.3 |      37 |       1 |   2.6
        D:3 |      94 |       0 |   0.0 |      27 |       0 |   0.0
        D:4 |     142 |       0 |   0.0 |       8 |       0 |   0.0
            +---------+---------+-------+---------+---------+-------
